[Event "Titled Tuesday Blitz June 13 Late 2023"]
[White "Skvortsov, Andrei"]
[Black "D`Arruda, Ricardo D."]
[WhiteFideId "24108600"]
[BlackFideId "100692"]
[WhiteElo "2259"]
[BlackElo "2537"]
[Result "0-1"]
[Round "9"]
[TimeControl "180+2"]
[Date "2023.06.13"]
[WhiteClock "0:00:50"]
[BlackClock "0:01:23"]
[Board "53"]

1. f4 d5 2. Nf3 Nc6 3. e3 Nf6 4. Bb5 Bd7 5. Bxc6 Bxc6 6. d4 e6 7. Ne5 Bd7 8. Nd2 Bd6 9. O-O O-O 10. Ndf3 c5 11. c3 Qc7 12. Bd2 Rfd8 13. Be1 Be8 14. Bh4 Be7 15. Bxf6 Bxf6 16. Qe1 Be7 17. Nd2 f6 18. Nef3 Bd6 19. g3 Bg6 20. Nh4 Bd3 21. Rf2 Rac8 22. Nb3 b6 23. f5 e5 24. Nc1 Be4 25. Ne2 Re8 26. Qd2 Rcd8 27. Re1 a5 28. b3 b5 29. g4 Qb6 30. Ng3 exd4 31. cxd4 c4 32. Nxe4 Rxe4 33. Qd1 Rde8 34. Ng2 Qc7 35. Rc2 Bxh2+ 36. Kh1 Bg3 37. Rf1 b4 38. bxc4 dxc4 39. Qf3 Bd6 40. Rfc1 c3 41. Kg1 Qc4 42. Kf2 Qd3 43. Re2 a4 44. Ne1 Qc4 45. Ng2 b3 46. axb3 axb3 47. Ne1 Ba3 48. Rb1 c2 49. Ra1 c1=Q 0-1


[Site "https://www.chess.com"]

[Event "Titled Tuesday Blitz June 13 Late 2023"]
[White "Girsh, Daniel"]
[Black "Goryachkina, Aleksandra"]
[WhiteFideId "30949190"]
[BlackFideId "4147103"]
[WhiteElo "2075"]
[BlackElo "2471"]
[Result "0-1"]
[Round "9"]
[TimeControl "180+2"]
[Date "2023.06.13"]
[WhiteClock "0:00:15"]
[BlackClock "0:01:14"]
[Board "54"]

1. e4 c6 2. d4 d5 3. e5 Bf5 4. h4 a6 5. h5 h6 6. Bd3 Bxd3 7. Qxd3 e6 8. c4 dxc4 9. Qxc4 Ne7 10. Nc3 Nd7 11. Nf3 Nb6 12. Qb3 a5 13. Be3 a4 14. Qc2 Ned5 15. Ne4 Nb4 16. Qe2 Qd5 17. Rh4 Qc4 18. Nc3 a3 19. Qxc4 Nxc4 20. b3 Nxe3 21. fxe3 Nc2+ 22. Kd2 Nxa1 23. Rh1 Nxb3+ 24. axb3 Bb4 25. Kd3 Bxc3 26. Kxc3 Ke7 27. Ra1 Rhg8 28. Nh4 g6 29. hxg6 fxg6 30. Nf3 g5 31. Nd2 h5 32. Nc4 h4 33. e4 g4 34. Ne3 h3 35. gxh3 gxh3 36. Kd3 h2 0-1


[Site "https://www.chess.com"]

[Event "Titled Tuesday Blitz June 13 Late 2023"]
[White "Kleiman, Jake"]
[Black "Musovic, Armin"]
[WhiteFideId "2020041"]
[BlackFideId "939935"]
[WhiteElo "2648"]
[BlackElo "2322"]
[Result "1-0"]
[Round "9"]
[TimeControl "180+2"]
[Date "2023.06.13"]
[WhiteClock "0:00:30"]
[BlackClock "0:00:23"]
[Board "55"]

1. Nf3 Nf6 2. g3 g6 3. Bg2 Bg7 4. O-O O-O 5. d3 d5 6. Nbd2 d4 7. Nb3 Nc6 8. Bd2 a5 9. a4 Re8 10. c4 dxc3 11. Bxc3 h5 12. Rc1 Qd6 13. Nbd4 Nxd4 14. Bxd4 Ng4 15. Bxg7 Kxg7 16. d4 Nf6 17. Ne5 h4 18. e3 Rh8 19. Qb3 Be6 20. Qxb7 hxg3 21. hxg3 Rab8 22. Qxc7 Rxb2 23. Rc6 Qb4 24. Rxe6 fxe6 25. Nc6 Qd6 26. Qxa5 Ng4 27. Qg5 Nh2 28. Ne5 Rh6 29. Nc4 Qc7 30. Nxb2 Nxf1 31. Bxf1 Qb7 32. Qe5+ Kf7 33. d5 Qxd5 34. Qxd5 exd5 35. a5 e6 36. a6 Kf6 37. Na4 Ke5 38. a7 Rh8 39. Nb6 d4 40. a8=Q Rxa8 41. Nxa8 dxe3 42. fxe3 Ke4 43. Kf2 Kf5 44. Nc7 e5 45. Nd5 Kg5 46. Kf3 Kf5 47. e4+ Kg5 48. Bh3 Kh5 49. Nc7 Kg5 50. Ne6+ Kf6 51. Kg4 Kxe6 52. Kg5+ Kf7 53. Bg4 Kg7 54. Be6 Kh7 55. Bf7 Kh8 56. Bxg6 Kg7 57. Bf5 Kf7 58. g4 Kg7 59. Be6 Kf8 60. Kf5 Ke7 61. Kxe5 Kf8 62. Kf6 Ke8 63. g5 Kf8 64. g6 Ke8 65. g7 Kd8 66. g8=Q+ Kc7 67. Qc8+ Kb6 68. Qd7 Kc5 69. Qd5+ Kb6 70. Qc4 Ka5 71. Ke7 Kb6 72. Kd6 Ka7 73. Qb5 Ka8 74. Kc7 Ka7 75. Qa5# 1-0


[Site "https://www.chess.com"]

[Event "Titled Tuesday Blitz June 13 Late 2023"]
[White "Korchmar, Vasiliy"]
[Black "Zaitsev, Alexander"]
[WhiteFideId "24131750"]
[BlackFideId "4164490"]
[WhiteElo "2370"]
[BlackElo "2373"]
[Result "1-0"]
[Round "9"]
[TimeControl "180+2"]
[Date "2023.06.13"]
[WhiteClock "0:01:38"]
[BlackClock "0:00:00"]
[Board "56"]

1. e4 c5 2. Nf3 g6 3. g3 Nc6 4. Bg2 Bg7 5. O-O e5 6. c3 Nge7 7. Na3 O-O 8. Re1 h6 9. d4 exd4 10. cxd4 Nxd4 11. Nxd4 cxd4 12. Nb5 d5 13. e5 Nc6 14. Nxd4 Nxe5 15. Bxh6 Bxh6 16. Rxe5 Bg7 17. Rxd5 Qb6 18. h4 Rd8 19. Nc6 Rxd5 20. Ne7+ Kh7 21. Nxd5 Qxb2 22. Rb1 Qxa2 23. h5 Bf5 24. Rxb7 Rd8 25. Rxf7 Be6 26. hxg6+ Kxg6 27. Rxg7+ Kxg7 28. Qd4+ Kh6 29. Qf6+ Kh7 30. Be4+ 1-0


[Site "https://www.chess.com"]

[Event "Titled Tuesday Blitz June 13 Late 2023"]
[White "Prydun, Andriy"]
[Black "Kavutskiy, Konstantin"]
[WhiteFideId "14145898"]
[BlackFideId "2026384"]
[WhiteElo "2164"]
[BlackElo "2323"]
[Result "1-0"]
[Round "9"]
[TimeControl "180+2"]
[Date "2023.06.13"]
[WhiteClock "0:00:23"]
[BlackClock "0:00:43"]
[Board "57"]

1. e4 c5 2. Nf3 Nc6 3. Bb5 g6 4. O-O Bg7 5. c3 Nf6 6. Re1 O-O 7. d4 d5 8. e5 Ne4 9. dxc5 Nxc5 10. Nbd2 Qb6 11. Bf1 Rd8 12. a4 Bf5 13. a5 Qc7 14. b4 Nd3 15. Bxd3 Bxd3 16. Nb3 Be4 17. Bf4 Bxf3 18. Qxf3 Bxe5 19. Bxe5 Nxe5 20. Qg3 f6 21. Nc5 Qc6 22. f4 b6 23. axb6 axb6 24. Rxa8 Rxa8 25. fxe5 bxc5 26. exf6 exf6 27. b5 Qb6 28. Qf3 Rd8 29. Re7 c4+ 30. Kf1 Qxb5 31. Qxf6 Rf8 32. Rg7+ 1-0


[Site "https://www.chess.com"]

[Event "Titled Tuesday Blitz June 13 Late 2023"]
[White "Mendez Fortes, Eduardo Jesus"]
[Black "Adury, Anant"]
[WhiteFideId "3502376"]
[BlackFideId "30964687"]
[WhiteElo "2307"]
[BlackElo "2375"]
[Result "1/2-1/2"]
[Round "9"]
[TimeControl "180+2"]
[Date "2023.06.13"]
[WhiteClock "0:00:32"]
[BlackClock "0:00:13"]
[Board "58"]

1. e4 e5 2. Nf3 Nf6 3. d4 Nxe4 4. Bd3 d5 5. Nxe5 Nd7 6. O-O Bd6 7. Nxd7 Bxd7 8. Nc3 Nxc3 9. bxc3 O-O 10. Qh5 f5 11. Bg5 Qe8 12. Qf3 Qf7 13. h4 f4 14. h5 Bf5 15. Rfe1 Bxd3 16. cxd3 h6 17. Bh4 Rae8 18. Rab1 b6 19. Qg4 Qf5 20. Qxf5 Rxe1+ 21. Rxe1 Rxf5 22. Be7 Kf7 23. Bxd6 cxd6 24. Rb1 Rxh5 25. Rb3 Ke6 26. Ra3 Rf5 27. Rxa7 Rf7 28. Ra6 Rc7 29. Ra3 g5 30. Kf1 h5 31. Ke2 g4 32. g3 Rf7 33. Ra8 fxg3 34. fxg3 Rf3 35. Rh8 Rxg3 36. Rxh5 Rg2+ 37. Ke3 Rxa2 38. Rg5 Rc2 39. c4 dxc4 40. dxc4 Rxc4 41. Rxg4 Kd7 42. Kd3 b5 43. Rg8 Kc6 44. Ke4 b4 45. Rb8 Kc7 46. Rb5 Kc6 47. Rb8 Kc7 48. Rb5 Kc6 49. Rb8 1/2-1/2


[Site "https://www.chess.com"]

[Event "Titled Tuesday Blitz June 13 Late 2023"]
[White "GAO"]
[Black "Fiorito, Francisco"]
[BlackFideId "180165"]
[WhiteElo "2405"]
[BlackElo "2319"]
[Result "1-0"]
[Round "9"]
[TimeControl "180+2"]
[Date "2023.06.13"]
[WhiteClock "0:00:11"]
[BlackClock "0:00:33"]
[Board "59"]

1. e4 c5 2. Nf3 Nc6 3. c3 Nf6 4. e5 Nd5 5. d4 cxd4 6. cxd4 d6 7. Bd3 dxe5 8. dxe5 Bg4 9. Nc3 e6 10. Bb5 Nxc3 11. Qxd8+ Kxd8 12. bxc3 Bxf3 13. gxf3 Nxe5 14. Bf4 Bd6 15. Ke2 Ke7 16. Rad1 Nc4 17. Bg5+ f6 18. Bxc4 fxg5 19. Rhe1 Rac8 20. Kd3 e5 21. Bd5 b6 22. c4 Rcf8 23. Rg1 h6 24. h4 Kf6 25. hxg5+ hxg5 26. Rg4 Bc5 27. Rdg1 Bxf2 28. R1g2 Bh4 29. a4 Rc8 30. Rb2 Rhd8 31. Ke4 Bf2 32. Rxf2 Rh8 33. Rfg2 Rh5 34. Rb2 Rh1 35. a5 bxa5 36. Rb7 a4 37. Rf7+ Kg6 38. Rxa7 Ra1 39. Ra6+ Kh7 40. Rg2 Rh1 41. Rxa4 Rf8 42. Kxe5 Re1+ 43. Kd6 Rf6+ 44. Kc5 Re5 45. Kd4 Re1 46. Be4+ Kg8 47. Rxg5 Rd6+ 48. Kc5 Rd7 49. Ra8+ Kf7 50. Bd5+ Kf6 51. Rg4 Rh1 52. Rf8+ Ke7 53. Rf7+ Kd8 54. Rxd7+ Kxd7 55. Rxg7+ Ke8 56. Kd6 Rh8 57. c5 Kd8 58. c6 Kc8 59. Be6+ Kb8 60. c7+ Ka8 61. Rg8+ Ka7 62. Rxh8 Kb6 63. Rb8+ Ka7 64. Ra8+ Kb6 65. c8=Q Kb5 66. Qc5# 1-0


[Site "https://www.chess.com"]

[Event "Titled Tuesday Blitz June 13 Late 2023"]
[White "Kornyukov, Alexey"]
[Black "Bartel, Michal"]
[WhiteFideId "4150457"]
[BlackFideId "1119257"]
[WhiteElo "2352"]
[BlackElo "2282"]
[Result "0-1"]
[Round "9"]
[TimeControl "180+2"]
[Date "2023.06.13"]
[WhiteClock "0:00:00"]
[BlackClock "0:00:14"]
[Board "60"]

1. d4 Nf6 2. c4 c5 3. d5 e6 4. Nc3 exd5 5. cxd5 d6 6. e4 g6 7. f3 Bg7 8. Bg5 h6 9. Be3 O-O 10. Qd2 Kh7 11. a4 Na6 12. Bc4 Nb4 13. Nge2 Re8 14. O-O a6 15. Ng3 Bd7 16. h3 Rb8 17. a5 b5 18. axb6 Rxb6 19. Rae1 Bb5 20. Bxb5 axb5 21. f4 Rb7 22. Rd1 c4 23. e5 dxe5 24. f5 Nd3 25. fxg6+ fxg6 26. Nge4 Nxe4 27. Nxe4 Qxd5 28. Nf6+ Bxf6 29. Rxf6 e4 30. Rdf1 Ree7 31. Bxh6 Qd4+ 32. Be3 Qxb2 33. Qa5 Ne5 34. Qd8 Nf3+ 35. gxf3 Qxf6 36. Bd4 Rbd7 37. Bxf6 Rxd8 38. Bxe7 Rd7 39. Bb4 exf3 40. Rxf3 Rd1+ 41. Kg2 Rb1 42. Bc5 b4 43. Rf7+ Kh6 44. Be3+ g5 45. Rf6+ Kh7 46. Bxg5 c3 47. Rc6 Rb2+ 48. Kf3 c2 49. Kg4 b3 50. Kf5 Ra2 51. Rc7+ Kg8 52. Kg6 Ra6+ 53. Bf6 Rxf6+ 54. Kxf6 b2 55. Kg6 Kf8 56. Kf6 Ke8 57. Ke6 Kd8 58. Rxc2 b1=Q 59. Rd2+ Ke8 60. Rd5 Qe4+ 61. Re5 Qc4+ 62. Kf5+ Kf7 63. Re4 Qd3 64. Kf4 Qxh3 65. Re5 Kf6 66. Re4 Qh2+ 67. Ke3 Kf5 68. Rc4 Qg3+ 69. Kd4 Qe5+ 70. Kd3 Qd6+ 71. Rd4 Qc5 72. Rc4 Qb5 73. Kd4 Ke6 74. Rc5 Qb2+ 0-1


[Site "https://www.chess.com"]

[Event "Titled Tuesday Blitz June 13 Late 2023"]
[White "Vaglio Munoz, Jaime"]
[Black "Kuznetsov, Felix"]
[WhiteFideId "6500145"]
[BlackFideId "34147990"]
[WhiteElo "2199"]
[BlackElo "2281"]
[Result "0-1"]
[Round "9"]
[TimeControl "180+2"]
[Date "2023.06.13"]
[WhiteClock "0:00:11"]
[BlackClock "0:00:43"]
[Board "61"]

1. d4 Nf6 2. Nf3 e6 3. e3 b6 4. Bd3 Bb7 5. O-O Be7 6. b3 O-O 7. Bb2 c5 8. Qe2 d5 9. Nbd2 Nc6 10. a3 Qc7 11. Ne5 Nxe5 12. dxe5 Nd7 13. f4 g6 14. c4 Rad8 15. Rad1 d4 16. Ne4 Bc6 17. exd4 cxd4 18. b4 a5 19. Qd2 axb4 20. axb4 Bxe4 21. Bxe4 Qxc4 22. Qxd4 Qxb4 23. Qxb4 Bxb4 24. Bc6 Nc5 25. Bd4 Rc8 26. Bb5 Rfd8 27. Be3 Ba5 28. Bf2 Ne4 29. Bh4 Rxd1 30. Rxd1 Nc3 31. Bd7 Nxd1 32. Bxc8 b5 33. Kf1 b4 34. Ke2 Nc3+ 35. Kd3 Nd5 36. g3 b3 37. Bb7 Nc3 38. Kd2 b2 39. Be4 Nxe4+ 40. Kc2 Bc3 41. Be7 Nd2 42. Bb4 b1=Q+ 0-1


[Site "https://www.chess.com"]

[Event "Titled Tuesday Blitz June 13 Late 2023"]
[White "Yurasova, Daria"]
[Black "Druska, Juraj"]
[WhiteFideId "34146919"]
[BlackFideId "14915650"]
[WhiteElo "2109"]
[BlackElo "2415"]
[Result "0-1"]
[Round "9"]
[TimeControl "180+2"]
[Date "2023.06.13"]
[WhiteClock "0:00:00"]
[BlackClock "0:00:10"]
[Board "62"]

1. e4 a6 2. d4 b5 3. c3 Bb7 4. Bd3 Nf6 5. Nd2 c5 6. d5 c4 7. Bc2 e6 8. dxe6 dxe6 9. Ne2 Nc6 10. O-O Bc5 11. Nf3 O-O 12. Bg5 h6 13. Bh4 Be7 14. Re1 Nd7 15. Bg3 Nc5 16. Qc1 Qb6 17. Ned4 Rfd8 18. Bf4 Bf8 19. Be3 Qc7 20. b4 Nd3 21. Bxd3 cxd3 22. Qd2 Ne5 23. Nxe5 Qxe5 24. f3 Qc7 25. Nb3 e5 26. Bc5 Bc8 27. Bxf8 Kxf8 28. Nc5 a5 29. a3 Be6 30. Nxe6+ fxe6 31. Rf1 Kg8 32. h3 Rac8 33. Rac1 Qc4 34. Rfd1 a4 35. Kf2 Rd7 36. Qe3 Rcd8 37. Rd2 Qb3 38. Qc5 Qxa3 39. Rcd1 Qb3 40. Qxb5 a3 41. Qa5 Qxc3 42. Ra2 Qd4+ 43. Kg3 Qe3 44. Qxa3 Qf4+ 45. Kf2 d2 46. Qb3 Kh7 47. b5 Rd3 48. Qc2 Qe3+ 49. Kg3 Qe2 50. b6 Qe1+ 51. Kh2 Re3 52. b7 Re2 0-1


[Site "https://www.chess.com"]

[Event "Titled Tuesday Blitz June 13 Late 2023"]
[White "Papasimakopoulos, Alexandros"]
[Black "marik_spb"]
[WhiteFideId "4244125"]
[WhiteElo "2359"]
[BlackElo "2481"]
[Result "0-1"]
[Round "9"]
[TimeControl "180+2"]
[Date "2023.06.13"]
[WhiteClock "0:00:00"]
[BlackClock "0:00:05"]
[Board "63"]

1. d4 Nf6 2. c4 e6 3. Nc3 Bb4 4. Qc2 O-O 5. a3 Bxc3+ 6. Qxc3 d5 7. Nf3 c5 8. cxd5 cxd4 9. Qxd4 Qxd5 10. Qxd5 Nxd5 11. e4 Nf6 12. Bd3 b6 13. Ke2 Ba6 14. Bxa6 Nxa6 15. Nd2 Nc5 16. f3 Rfd8 17. Rd1 Nd3 18. Nc4 Nxc1+ 19. Raxc1 Rxd1 20. Rxd1 Rc8 21. Ne5 Kf8 22. Rd2 Ke7 23. h4 Rc7 24. g4 Nd7 25. Nd3 f6 26. f4 Rc4 27. Ke3 Nc5 28. Nxc5 Rxc5 29. f5 e5 30. g5 Rc1 31. gxf6+ gxf6 32. Kf3 a5 33. h5 Rh1 34. Rg2 Rxh5 35. Rg7+ Kd6 36. Rf7 Rh6 37. Ke3 Kc5 38. Kd3 Rh3+ 39. Kd2 Kd4 40. Rxf6 b5 41. Rb6 Rb3 42. Kc2 a4 43. f6 Kxe4 44. f7 Rf3 45. Rxb5 Rxf7 46. Rb4+ Kf3 47. Rxa4 e4 48. Ra8 e3 49. Kd1 Kf2 50. Re8 Rd7+ 51. Kc2 e2 0-1


[Site "https://www.chess.com"]

[Event "Titled Tuesday Blitz June 13 Late 2023"]
[White "whiteglovethief"]
[Black "Rosen, Eric"]
[BlackFideId "2032562"]
[WhiteElo "2480"]
[BlackElo "2331"]
[Result "1/2-1/2"]
[Round "9"]
[TimeControl "180+2"]
[Date "2023.06.13"]
[WhiteClock "0:00:20"]
[BlackClock "0:00:05"]
[Board "64"]

1. d4 d5 2. c4 e6 3. Nf3 Nf6 4. g3 dxc4 5. Bg2 Bb4+ 6. Nc3 O-O 7. O-O Nc6 8. a3 Bxc3 9. bxc3 Na5 10. Ne5 Rb8 11. Bg5 h6 12. Bxf6 Qxf6 13. Qa4 b6 14. Nxc4 Nxc4 15. Qxc4 Qe7 16. e4 Bb7 17. a4 a5 18. Rad1 Rfd8 19. d5 exd5 20. exd5 Rd6 21. Rfe1 Qd7 22. Re5 Rd8 23. Rde1 Bxd5 24. Bxd5 Rxd5 25. Re7 Qf5 26. Qxc7 Rd2 27. Qxb6 Kh7 28. R7e5 Qf3 29. Rxa5 Re2 30. Rf1 Rdd2 31. Rb5 Rxf2 32. Qxf2 Rxf2 33. Rxf2 Qd1+ 34. Kg2 Qxa4 35. Rbf5 Qe4+ 36. R5f3 Qc4 37. Rxf7 Qxc3 38. R7f3 Qc6 39. g4 Qe4 40. h3 Kg6 41. Kg3 Qe5+ 42. Kg2 Qe4 43. Kf1 Qb1+ 44. Kg2 Qe1 45. Rf1 Qe2+ 46. R1f2 Qe4 1/2-1/2


[Site "https://www.chess.com"]

[Event "Titled Tuesday Blitz June 13 Late 2023"]
[White "Fisher_TheGalactic"]
[Black "Zavortink, Matt"]
[BlackFideId "2034263"]
[WhiteElo "2679"]
[BlackElo "2477"]
[Result "1-0"]
[Round "9"]
[TimeControl "180+2"]
[Date "2023.06.13"]
[WhiteClock "0:00:08"]
[BlackClock "0:00:00"]
[Board "65"]

1. Nf3 Nf6 2. d4 d5 3. c4 c6 4. e3 Bf5 5. Bd3 Bxd3 6. Qxd3 e6 7. cxd5 exd5 8. O-O Nbd7 9. Nc3 Bd6 10. e4 dxe4 11. Nxe4 Nxe4 12. Qxe4+ Qe7 13. Qxe7+ Kxe7 14. Re1+ Kf8 15. a3 Re8 16. Bd2 f6 17. Bc3 Kf7 18. Kf1 Nb6 19. Nd2 Nd5 20. g3 h5 21. h4 Rxe1+ 22. Rxe1 Re8 23. Rxe8 Kxe8 24. Ne4 Ke7 25. Ke2 f5 26. Nxd6 Kxd6 27. Bd2 g6 28. Kf3 Kc7 29. Ke2 Kb6 30. Kd3 Kb5 31. b3 a6 32. a4+ Kb6 33. Kc4 Kc7 34. a5 Kd7 35. Bc1 Ke6 36. Ba3 Kd7 37. Bf8 Nc7 38. Bg7 Nd5 39. Be5 Ke6 40. Kc5 Kd7 41. Bf4 Ke6 42. Bg5 Kd7 43. Bh6 Ke6 44. Bg7 Kd7 45. Kc4 Kd6 46. Bf8+ Kc7 47. Kd3 Kd7 48. f3 Ke6 49. Ke2 Nc3+ 50. Kf2 Nd5 51. Bc5 Kf6 52. Ke2 Ke6 53. Kf1 Nc7 54. Kf2 Nd5 55. Kg2 Kf6 56. Kh3 Ne3 57. Bb6 Nd5 58. Bc5 Ne3 59. Bd6 Ke6 60. Bf4 Nd5 61. Be5 Ne3 62. Bf4 Nd5 63. Bd2 Kd6 64. g4 fxg4+ 65. fxg4 Ke6 66. Kg3 Nf6 67. Kf4 Nxg4 68. Kg5 Kd5 69. Bb4 Kxd4 70. Kxg6 Ne5+ 71. Kxh5 c5 72. Ba3 Nf3 73. Bb2+ Kd3 74. Kg4 Nxh4 75. Kxh4 c4 76. bxc4 Kxc4 77. Be5 Kb5 78. Bc7 Kc6 79. Bb6 Kd7 80. Kg5 Kc8 81. Kf4 Kb8 82. Ke5 Kc8 83. Kd6 Kb8 84. Bd4 Kc8 85. Kc5 Kc7 86. Be5+ Kc8 87. Kb6 Kd7 88. Kxb7 Ke6 89. Kxa6 1-0


[Site "https://www.chess.com"]

[Event "Titled Tuesday Blitz June 13 Late 2023"]
[White "Arabidze, Meri"]
[Black "Papayan, Oleg"]
[WhiteFideId "13604040"]
[BlackFideId "4193911"]
[WhiteElo "2405"]
[BlackElo "2167"]
[Result "1-0"]
[Round "9"]
[TimeControl "180+2"]
[Date "2023.06.13"]
[WhiteClock "0:00:11"]
[BlackClock "0:00:00"]
[Board "66"]

1. d4 Nf6 2. c4 e6 3. Nf3 d5 4. Bg5 dxc4 5. Qa4+ Nbd7 6. Qxc4 h6 7. Bh4 a6 8. Nc3 b5 9. Qd3 c5 10. e4 cxd4 11. Nxd4 Ne5 12. Qe3 b4 13. Na4 Bd7 14. f4 Neg4 15. Qb3 Qa5 16. Qf3 Bxa4 17. b3 Bc5 18. Rd1 Rd8 19. Nc2 Rxd1+ 20. Qxd1 Bc6 21. e5 Nd5 22. Qxg4 O-O 23. Bf6 Nxf6 24. exf6 g6 25. Bd3 Kh7 26. h4 Bb5 27. Be4 Rd8 28. h5 Qxa2 29. hxg6+ 1-0


[Site "https://www.chess.com"]

[Event "Titled Tuesday Blitz June 13 Late 2023"]
[White "Hajiyev, Kanan"]
[Black "Ammar, Sedrani"]
[WhiteFideId "13404148"]
[BlackFideId "9312331"]
[WhiteElo "2115"]
[BlackElo "2115"]
[Result "1-0"]
[Round "9"]
[TimeControl "180+2"]
[Date "2023.06.13"]
[WhiteClock "0:00:08"]
[BlackClock "0:00:04"]
[Board "67"]

1. d4 Nf6 2. Nf3 g6 3. c4 Bg7 4. Nc3 d5 5. g3 O-O 6. Bg2 dxc4 7. O-O c6 8. a4 a5 9. Ne5 Be6 10. e4 Nbd7 11. f4 Nxe5 12. fxe5 Nd7 13. g4 Nb6 14. Be3 Qc7 15. Qf3 Rad8 16. Rad1 Bc8 17. Qh3 c5 18. dxc5 Nd7 19. Nd5 Qxe5 20. Bd4 Qg5 21. Be3 Qe5 22. Bf4 Qxb2 23. Nxe7+ Kh8 24. Nxc8 Bd4+ 25. Rxd4 Qxd4+ 26. Be3 Qe5 27. Nd6 Nxc5 28. Nxf7+ Rxf7 29. Rxf7 Rd1+ 30. Bf1 h5 31. gxh5 Qe6 32. Qxe6 Nxe6 33. hxg6 c3 34. Kf2 c2 35. Be2 c1=Q 36. Bxc1 Rxc1 37. Rh7+ Kg8 38. Rxb7 Nf4 39. Bb5 Nxg6 40. h4 Nxh4 41. Ra7 Ng6 42. Rxa5 Ne5 43. Ra7 Rb1 44. Ke3 Rb4 45. Kf4 Nc4 46. Bxc4+ Rxc4 47. a5 Ra4 48. a6 Kf8 49. Kf5 Ra5+ 50. e5 Ra1 51. Kf6 Rf1+ 52. Ke6 Re1 53. Rb7 Ra1 54. a7 Kg8 55. Rb8+ Kg7 56. a8=Q Rxa8 57. Rxa8 1-0


[Site "https://www.chess.com"]

[Event "Titled Tuesday Blitz June 13 Late 2023"]
[White "Korkmaz, Necmettin"]
[Black "Womacka, Mathias"]
[WhiteFideId "6303285"]
[BlackFideId "4611390"]
[WhiteElo "2097"]
[BlackElo "2377"]
[Result "1-0"]
[Round "9"]
[TimeControl "180+2"]
[Date "2023.06.13"]
[WhiteClock "0:00:22"]
[BlackClock "0:00:18"]
[Board "68"]

1. e4 c5 2. Nc3 Nc6 3. f4 g6 4. Nf3 Bg7 5. Bb5 Nd4 6. O-O Nxb5 7. Nxb5 d5 8. exd5 a6 9. Nc3 Nf6 10. d4 c4 11. Qe2 b5 12. Re1 O-O 13. Qxe7 Qxe7 14. Rxe7 b4 15. Na4 Nxd5 16. Re1 Bf5 17. c3 bxc3 18. bxc3 Bc2 19. Nb2 Nxc3 20. Nxc4 Rfd8 21. Nce5 Bf5 22. Nc6 Re8 23. Ne7+ Kh8 24. Nxf5 Rxe1+ 25. Nxe1 gxf5 26. Nf3 Ne2+ 27. Kf2 Nxd4 28. Bb2 Nxf3 29. Bxg7+ Kxg7 30. Kxf3 Rc8 31. Re1 Rc2 32. Re2 Rxe2 33. Kxe2 Kf6 34. Ke3 Ke6 35. Kd4 Kd6 36. Kc4 Kc6 37. Kb4 Kb6 38. a3 f6 39. a4 Kc6 40. Kc4 Kd6 41. Kb4 Kc6 42. Kc4 Kd6 43. g3 Kc6 44. Kb4 Kb6 45. h3 Kc6 46. g4 fxg4 47. hxg4 Kb6 48. Kc4 Kc6 49. Kd4 Kd6 50. Ke4 Ke6 51. Kd4 Kd6 52. Kc4 Kc6 53. Kb4 Kb6 54. g5 fxg5 55. fxg5 Kc6 56. Ka5 Kb7 57. Kb4 Kb6 58. a5+ Kc6 59. Kc4 Kd6 60. Kd4 Kc6 61. Ke5 Kb5 62. Kf6 Kxa5 63. Kg7 Kb4 64. Kxh7 a5 65. g6 a4 66. g7 a3 67. g8=Q Kc3 68. Qg7+ Kc2 69. Qa1 Kb3 70. Kg6 a2 71. Kf5 Ka3 72. Ke5 Kb3 73. Kd5 Ka3 74. Kc4 1-0


[Site "https://www.chess.com"]

[Event "Titled Tuesday Blitz June 13 Late 2023"]
[White "Yolosz"]
[Black "Sadovsky, Artem"]
[BlackFideId "4155840"]
[WhiteElo "2438"]
[BlackElo "2314"]
[Result "0-1"]
[Round "9"]
[TimeControl "180+2"]
[Date "2023.06.13"]
[WhiteClock "0:00:00"]
[BlackClock "0:00:54"]
[Board "69"]

1. d4 g6 2. Bf4 Bg7 3. e3 d6 4. Nc3 e5 5. dxe5 dxe5 6. Qxd8+ Kxd8 7. O-O-O+ Nd7 8. Bg3 c6 9. Bc4 f6 10. f4 Ke7 11. Nf3 b5 12. Bb3 a5 13. a4 b4 14. Ne4 f5 15. Bh4+ Ngf6 16. fxe5 fxe4 17. exf6+ Bxf6 18. Bxf6+ Nxf6 19. Ne5 Bb7 20. Rhf1 Rad8 21. Nf7 Rxd1+ 22. Rxd1 Rf8 23. Nd6 Ba6 24. Rd4 Rd8 25. Nf7 Rxd4 26. exd4 e3 27. Kd1 Ne4 28. Ne5 Kd6 29. Ng4 Nf2+ 0-1


[Site "https://www.chess.com"]

[Event "Titled Tuesday Blitz June 13 Late 2023"]
[White "Gasparyan, David"]
[Black "ElDivis"]
[WhiteFideId "13311980"]
[WhiteElo "2434"]
[BlackElo "2544"]
[Result "0-1"]
[Round "9"]
[TimeControl "180+2"]
[Date "2023.06.13"]
[WhiteClock "0:00:00"]
[BlackClock "0:00:16"]
[Board "70"]

1. Nf3 d5 2. g3 g6 3. Bg2 Bg7 4. d4 Nf6 5. O-O O-O 6. Ne5 Nfd7 7. Nxd7 Qxd7 8. c3 Nc6 9. Nd2 e5 10. dxe5 Nxe5 11. Nb3 c6 12. Be3 Re8 13. Bd4 b6 14. Re1 Bb7 15. e4 c5 16. Bxe5 Rxe5 17. exd5 Rxe1+ 18. Qxe1 c4 19. Nd2 Bxd5 20. Nf1 Bxg2 21. Kxg2 Re8 22. Qd1 Qb5 23. Qc2 Bh6 24. Rd1 Qc6+ 25. Kg1 Qf3 26. Nd2 Qe2 27. Qa4 Rd8 28. h4 Bxd2 29. Kg2 Rd3 0-1


[Site "https://www.chess.com"]

[Event "Titled Tuesday Blitz June 13 Late 2023"]
[White "Badelka, Olga"]
[Black "Kabilov, Amin"]
[WhiteFideId "13509926"]
[BlackFideId "14700859"]
[WhiteElo "2375"]
[BlackElo "2110"]
[Result "1-0"]
[Round "9"]
[TimeControl "180+2"]
[Date "2023.06.13"]
[WhiteClock "0:00:09"]
[BlackClock "0:00:10"]
[Board "71"]

1. c4 Nf6 2. Nc3 g6 3. d4 Bg7 4. e4 O-O 5. Be2 d6 6. Be3 c5 7. d5 e6 8. Nf3 exd5 9. cxd5 a6 10. a4 Ng4 11. Bd2 Nd7 12. O-O Nde5 13. Nxe5 Nxe5 14. f4 Nd7 15. Be3 Re8 16. Qc2 Nf6 17. Kh1 Nxe4 18. Nxe4 f5 19. Nxd6 Rxe3 20. Nc4 Re8 21. Bf3 Bd7 22. Rfe1 Qf6 23. Ne5 Qd6 24. Nxd7 Qxd7 25. Qxc5 Bf8 26. Qb6 Bd6 27. Re6 Rxe6 28. dxe6 Qxe6 29. Rd1 Re8 30. h3 Bxf4 31. Qxe6+ Rxe6 32. Bd5 Kf7 33. Re1 1-0


[Site "https://www.chess.com"]

[Event "Titled Tuesday Blitz June 13 Late 2023"]
[White "Fedotov, Nikita"]
[Black "Nikologorsky, Matfei"]
[WhiteFideId "24161446"]
[BlackFideId "24102474"]
[WhiteElo "2211"]
[BlackElo "2153"]
[Result "0-1"]
[Round "9"]
[TimeControl "180+2"]
[Date "2023.06.13"]
[WhiteClock "0:00:00"]
[BlackClock "0:00:22"]
[Board "72"]

1. e4 c5 2. d4 cxd4 3. Qxd4 Nc6 4. Qd3 g6 5. Nc3 Bg7 6. Nf3 d6 7. Be2 Nf6 8. O-O O-O 9. Nd5 Nxd5 10. exd5 Ne5 11. Nxe5 Bxe5 12. c3 Bf5 13. Qd1 Rc8 14. Bh6 Re8 15. Bd3 Bxd3 16. Qxd3 Qb6 17. Rab1 a6 18. Rfe1 Qc5 19. Re2 Qc4 20. Qd2 Qxa2 21. Rbe1 Bf6 22. Bg5 Bxg5 23. Qxg5 f6 24. Qh6 Qxd5 25. h4 Qf7 26. Re6 Rc5 27. Qf4 Re5 28. R6xe5 fxe5 29. Qe4 Rf8 30. f3 Qb3 31. h5 Kg7 32. Qh4 Rf6 33. h6+ Kf7 34. Qf2 Rf5 35. g4 Rf4 36. Kg2 a5 37. Re2 b5 38. Qb6 a4 39. Qb8 Qd1 40. Rf2 e4 41. fxe4 Qxg4+ 42. Kf1 Qh3+ 43. Ke2 Rxf2+ 44. Kxf2 Qxh6 45. Qxb5 Qf4+ 46. Kg1 Qxe4 47. Qb8 g5 48. Qh8 g4 49. Kh2 d5 50. Qd8 Qf3 51. Qc7 Qf2+ 52. Kh1 g3 0-1


[Site "https://www.chess.com"]

[Event "Titled Tuesday Blitz June 13 Late 2023"]
[White "FuenfgegenWilly"]
[Black "Tokhirjonova, Gulrukhbegim"]
[BlackFideId "14203626"]
[WhiteElo "2413"]
[BlackElo "2265"]
[Result "1-0"]
[Round "9"]
[TimeControl "180+2"]
[Date "2023.06.13"]
[WhiteClock "0:00:11"]
[BlackClock "0:00:29"]
[Board "73"]

1. d4 Nf6 2. Nc3 e6 3. e4 d6 4. f3 Be7 5. Be3 O-O 6. Qd2 a6 7. Nge2 b5 8. g4 Bb7 9. h4 Nfd7 10. Bf2 c5 11. h5 b4 12. Nd1 Nc6 13. Bg2 d5 14. exd5 exd5 15. Ne3 cxd4 16. Nxd4 Nxd4 17. Qxd4 Bc5 18. Qf4 Re8 19. O-O Qb6 20. Nf5 Bxf2+ 21. Rxf2 Re2 22. Rf1 Rxf2 23. Rxf2 Re8 24. Qd4 Qxd4 25. Nxd4 Ne5 26. Re2 Kf8 27. Kf2 a5 28. g5 f6 29. Nf5 Ba6 30. Rd2 fxg5 31. Nd6 Re6 32. Rxd5 g4 33. Rxa5 Rxd6 34. Rxe5 Rd2+ 35. Kg3 gxf3 36. Bxf3 Rxc2 37. Rf5+ Ke7 38. Ra5 Bc4 39. b3 Be6 40. Ra7+ Kf6 41. Rb7 Rc3 42. Rxb4 Bd5 43. Rf4+ Kg5 44. Rg4+ Kxh5 45. Rh4+ Kg5 46. Rh5+ Kf6 47. Rxd5 g5 48. Rd6+ Kf5 49. Rd5+ Kf6 50. Rd4 h5 51. Rc4 Rd3 52. Rc6+ Kf5 53. Rc5+ Kf6 54. Kf2 g4 55. Be2 Rd2 56. Rxh5 Rxa2 57. Ke3 Rb2 58. Bc4 g3 59. Rh3 g2 60. Rg3 Ke5 61. Kf3 1-0


[Site "https://www.chess.com"]